 Dungeon Crawl Stone Soup version 0.29.0-4-gdea44cf6ec (webtiles) character file.

Game seed: 8159086363385514834

49 qw the Chopper (level 3, -3/21 HPs)
             Began as a Tengu Warper on Aug 28, 2022.
             Slain by a white imp (4 damage)
             ... summoned by Natasha
             ... on level 2 of the Dungeon.
             The game lasted 00:00:06 (1018 turns).

qw the Chopper (Tengu Warper)                       Turns: 1018, Time: 00:00:07

Health: -3/21      AC:  5    Str: 13    XL:     3   Next: 75%
Magic:  0/7        EV: 11    Int: 13    God:
Gold:   173        SH:  0    Dex: 13    Spells: 6/6 levels left

rFire   . . .      SeeInvis .   Y - +0 hand axe
rCold   . . .      Faith    .   (no shield)
rNeg    . . .      Spirit   +   d - +0 ring mail
rPois   .          Reflect  .   (helmet restricted)
rElec   .          Harm     .   (no cloak)
rCorr   .          Rampage  .   (no gloves)
Will    .....                   (boots unavailable)
Stlth   +.........              e - amulet of guardian spirit
HPRegen 0.07/turn               (no ring)
MPRegen 0.10/turn               (no ring)

@: no status effects
A: beak, talons 3
a: no special abilities


You were on level 2 of the Dungeon.
You visited 1 branch of the dungeon, and saw 2 of its levels.

You collected 173 gold pieces.


Innate Abilities, Weirdness & Mutations

You have a beak for a mouth.
You have claws for feet.


   Skills:
 - Level 2.0 Fighting
 + Level 4.4 Axes
 - Level 1.0 Throwing
 - Level 1.1 Armour
 - Level 2.1 Dodging
 - Level 2.0 Spellcasting
 - Level 2.4 Translocations


You had 6 spell levels left.
You didn't know any spells.
Your spell library contained the following spells:

 Spells                   Type           Power      Damage    Failure   Level
 Blink                    Tloc           14%        N/A       30%         2
 Gell's Gravitas          Tloc           7%         N/A       52%         3
 Lesser Beckoning         Tloc           7%         N/A       52%         3
 Teleport Other           Tloc           7%         N/A       52%         3
 Manifold Assault         Tloc           7%         N/A       99%         5

Inventory:

Hand Weapons
 f - a +0 club
 Y - a +0 hand axe (weapon)
Armour
 d - a +0 ring mail (worn)
Jewellery
 e - an amulet of guardian spirit (around neck)
Scrolls
 a - a scroll of enchant armour {unknown}
 b - a scroll of immolation {unknown}

Dungeon Overview and Level Annotations

Branches:
Dungeon (2/15)

Altars:

Annotations:
D:2 Natasha


Message History

The orc hits you with a +0 dagger of electrocution.
You closely miss the orc. Your kick misses the orc.
The orc is severely wounded.
The orc hits you but does no damage.
You hit the orc.
You kill the orc!
You slash the orc! Your peck misses the orc.
The orc is almost dead.
The orc misses you.
You hit the orc.
You kill the orc!
You barely miss the orc. You peck the orc, but do no damage.
The orc closely misses you.
You barely miss the orc. Your kick misses the orc.
You peck the orc, but do no damage.
The orc hits you with a +1 vorpal hand axe.
You hit the orc but do no damage. You claw the orc, but do no damage.
The orc hits you with a +1 vorpal hand axe.
You hit the orc but do no damage. Your kick misses the orc.
Your peck misses the orc. The orc closely misses you.
You closely miss the orc. You claw the orc.
The orc is heavily wounded.
The orc closely misses you.
You hit the orc but do no damage. You claw the orc, but do no damage.
You peck the orc, but do no damage.
The orc is heavily wounded.
The orc barely misses you.
You hit the orc.
You kill the orc!
The hobgoblin hits you.
You hit the hobgoblin but do no damage. Your kick misses the hobgoblin.
Your peck misses the hobgoblin. The hobgoblin completely misses you.
You slash the hobgoblin!
You kill the hobgoblin!
Natasha mumbles some strange words.
You hit the white imp but do no damage. The white imp hits you.
The white imp freezes you.
You die...

................
##.#####.####.o..#h.o...
.>..........#....#...o.
##........#.#....#..oJ
.#........#......#.o.
.#........#...... ..
##........#.##..# .######
#######'##.###.##ho.?...
#.##.....@5#
#######.######.#.# #.......#
#...# ##.......# ##..#
.........########.##
##............###..#
#......<.....+....###
######........####...#########
..# #........# ###..........


You could see Natasha, a white imp (summoned) and 2 orcs.

Vanquished Creatures
  A worm (D:2)
  4 dart slugs
  3 orcs (D:2)
  3 endoplasms (D:1)
  3 giant cockroaches (D:1)
  3 goblins (D:1)
  4 hobgoblins
  A kobold (D:2)
  A quokka (D:1)
  4 ball pythons (D:1)
  A bat (D:1)
  A frilled lizard (D:1)
  2 rats (D:1)
31 creatures vanquished.

Notes
Turn   | Place    | Note
-------+----------+-------------------------------------------
     0 | D:1      | qw the Tengu Warper began the quest for the Orb.
     0 | D:1      | Reached XP level 1. HP: 12/12 MP: 4/4
     0 | D:1      | 0 ||| qw: Version: 0.1-a-89-g26bdef1
     0 | D:1      | 0 ||| qw: Game counter: 3066
     0 | D:1      | 0 ||| qw: Always use a shield: true
     0 | D:1      | 0 ||| qw: God list: Okawaru
     0 | D:1      | 0 ||| qw: Allow faded altars: false
     0 | D:1      | 0 ||| qw: Do Orc after D:15 true
     0 | D:1      | 0 ||| qw: Do second Lair branch before Depths: true
     0 | D:1      | 0 ||| qw: Lair rune preference: random
     0 | D:1      | 0 ||| qw: Plans: Normal
     0 | D:1      | 0 ||| PLANNING D:1-11
    47 | D:1      | Reached XP level 2. HP: 17/17 MP: 6/6
    59 | D:1      | Reached skill level 3 in Axes
   164 | D:1      | 164 ||| Stepping ~*~*~tactically~*~*~ (stealth).
   358 | D:1      | Reached XP level 3. HP: 19/21 MP: 7/7
   518 | D:1      | 518 ||| UPGRADING to +0 ring mail.
   528 | D:1      | 528 ||| DROPPING +0 leather armour.
   529 | D:1      | 529 ||| UPGRADING to amulet of guardian spirit.
   534 | D:1      | 534 ||| READING scroll labelled HAUMAO RULA.
   538 | D:1      | 538 ||| READING scroll labelled MAISSU QYCHARO.
   539 | D:1      | 539 ||| DROPPING scroll of blinking.
   558 | D:2      | 558 ||| STAIRDANCE
   579 | D:2      | Reached skill level 4 in Axes
   683 | D:2      | 683 ||| Stepping ~*~*~tactically~*~*~ (hiding).
   828 | D:2      | Found a faded altar of an unknown god.
   865 | D:2      | 865 ||| Stepping ~*~*~tactically~*~*~ (hiding).
   996 | D:2      | Noticed Natasha
   997 | D:2      | 997 ||| Stepping ~*~*~tactically~*~*~ (stealth).
   999 | D:2      | 999 ||| FLEEEEING.
  1011 | D:2      | HP: 5/21 [orc/+1 vorpal hand axe (1)]
  1015 | D:2      | HP: 2/21 [hobgoblin (4)]
  1018 | D:2      | Slain by a white imp

Levels and vault maps discovered:
D:1:      tarquinn_simple_flora_water_e, layout_rooms, serial_park_tiny_1
D:2:      layout_basic, hellmonk_ecumenical_altar_zigzags, uniq_natasha

Skill      XL: |  1  2  3 |
---------------+----------+-----
Axes           | 3 4 |  4.4
Fighting       | |  2.0
Throwing       | |  1.0
Armour         | |  1.1
Dodging        | |  2.1
Spellcasting   | |  2.0
Translocations | |  2.4

Action                   || total
-------------------------++-------
Melee: Hand axe          ||    71
       Kick              ||    17
       Peck              ||    16
Throw: Boomerang         ||     7
  Use: Scroll            ||     2
Armor: Leather armour    ||     8
       Ring mail         ||     6
Dodge: Dodged            ||    30

Table legend:
 A = Non-vault XP
 B = Vault XP
 C = Vault XP percentage of total XP
 D = Non-vault monster count
 E = Vault monster count
 F = Vault count percentage of total count
                 A         B        C        D         E       F
            +---------+---------+-------+---------+---------+-------
      Total |      70 |       0 |   0.0 |      31 |       0 |   0.0
            +---------+---------+-------+---------+---------+-------
        D:1 |      42 |       0 |   0.0 |      22 |       0 |   0.0
        D:2 |      28 |       0 |   0.0 |       9 |       0 |   0.0
            +---------+---------+-------+---------+---------+-------
